 Dungeon Crawl Stone Soup version 0.27-a0-1245-g940ed4fa31 (console) character file.

Game seed: 14083579386240439027

4075 jejorda2 the Carver (level 10, -13/114 HPs)
             Began as a Merfolk Berserker on June 9, 2021.
             Was a High Priest of Trog.
             Mangled by an orc warrior
             ... wielding a +0 glaive
              (30 damage)
             ... in a bailey.
             The game lasted 00:16:57 (5875 turns).

jejorda2 the Carver (Merfolk Berserker)             Turns: 5875, Time: 00:16:58

Health: -13/114    AC: 24    Str: 20    XL:     10   Next: 25%
Magic:  10/10      EV:  4    Int:  6    God:    Trog [*****.]
Gold:   364        SH:  0    Dex: 15    Spells: 9/9 levels left

rFire    . . .     SeeInvis .   a - +3 short sword (elec)
rCold    . . .     Faith    .   (no shield)
rNeg     . . .     Spirit   .   G - +0 crystal plate armour
rPois    +         Reflect  .   d - +0 helmet
rElec    .         Harm     .   F - +1 cloak {rPois}
rCorr    .         Rampage  .   f - +0 pair of gloves of Vipoivur {Slay+2}
Will     ++...                  e - +1 pair of boots
Stlth    ..........             s - amulet of regeneration
HPRegen  2.29/turn              (no ring)
MPRegen  0.12/turn              (no ring)

@: berserking, strong-willed, regenerating, very quick
A: (nimble swimmer 2), mertail
a: Renounce Religion, Berserk, Trog's Hand, Brothers in Arms


You were in a bailey.
You worshipped Trog.
Trog was extremely pleased with you.
You visited 1 branch of the dungeon, and saw 7 of its levels.
You also visited: Bailey.

You collected 364 gold pieces.

Inventory:

Hand Weapons
 a - a +3 short sword of electrocution (weapon)
 l - a +0 long sword
 u - a +0 flail
Missiles
 z - 5 poisoned darts (quivered)
Armour
 d - a +0 helmet (worn)
 e - a +1 pair of boots (worn)
 f - the +0 pair of gloves of Vipoivur (worn) {Slay+2}
   (You acquired it on level 3 of the Dungeon)

   It affects your accuracy and damage with ranged weapons and melee attacks
   (+2).
 w - a +1 ring mail of fire resistance
 B - a +0 pair of gloves of archery
 D - a +0 chain mail
 F - a +1 cloak of poison resistance (worn)
 G - a +0 crystal plate armour (worn)
Jewellery
 k - a ring of resist corrosion
 s - an amulet of regeneration (around neck)
 t - a ring of fire
Wands
 v - a wand of charming (2)
Scrolls
 g - 4 scrolls of teleportation
 h - 3 scrolls of identify
 i - a scroll of vulnerability {unknown}
 p - 2 scrolls of fear {unknown}
 q - 2 scrolls of enchant armour {unknown}
 x - a scroll of amnesia {unknown}
 y - a scroll of fog {unknown}
 A - a scroll of blinking {unknown}
 H - 2 scrolls of enchant weapon
Potions
 b - a potion of mutation {unknown}
 c - 7 potions of curing
 j - a potion of cancellation {unknown}
 m - 2 potions of heal wounds {unknown}
 n - 2 potions of berserk rage {unknown}
 o - 2 potions of degeneration {unknown}
 r - 3 potions of lignification {unknown}
 C - 3 potions of flight {unknown}
 E - a potion of brilliance {unknown}


   Skills:
 - Level 6.0 Fighting
 + Level 6.8(10.0) Short Blades
 + Level 10.5(11.1) Long Blades
 - Level 6.0 Armour
 + Level 5.7 Dodging


You had 9 spell levels left.
You didn't know any spells.
Your spell library was empty.

Dungeon Overview and Level Annotations

Branches:
Dungeon (7/15)             Temple (0/1) D:6          Bailey (1/1)

Altars:
Makhleb
Nemelex Xobeh


Innate Abilities, Weirdness & Mutations

((You are quick and stealthy near water. (Stealth+, EV+, Speed+++)))
Your lower body shifts to a powerful aquatic tail in water.


Message History

Your skin crawls.
You feel strong-willed.
Your ogre goes berserk!
You open the door. 3 orc warriors and an orc knight come into view.
The orc warrior shouts!
The orc knight shouts!
The orc warrior shouts! x2
The orc warrior hits you from afar with a +0 bardiche.
Found a glowing helmet and a masterwork triple crossbow.
Found a roughly hewn altar of Beogh.
Your ogre rages.
The orc warrior hits you with a +0 bardiche!!
The orc warrior hits you but does no damage.
The orc knight hits you but does no damage.
The orc warrior hits you but does no damage.
There is an open door, spattered with blood here.
A red film seems to cover your vision as you go berserk!
You feel yourself moving faster!
You feel mighty!
The orc warrior hits you but does no damage. x2
The orc knight barely misses you.
The orc warrior hits you with a +0 glaive!
Your ogre rages.
Unknown command.
You barely miss the orc knight.
The orc warrior hits you with a +0 bardiche.
The orc knight hits you with a +0 trident!
The orc warrior hits you from afar with a +0 glaive!
The orc warrior hits you with a +0 glaive.
You hit the orc knight.
The orc knight is lightly wounded.
You closely miss the orc knight.
The orc knight is lightly wounded.
Your ogre rages.
The orc knight roars a battlecry!
The orc warriors go into a battle-frenzy!
The orc warrior hits you from afar with a +0 glaive!!
* * * LOW HITPOINT WARNING * * *
The orc warrior hits you with a +0 bardiche!
* * * LOW HITPOINT WARNING * * *
The orc warrior hits you with a +0 glaive!!
You die...

..≈##.##≈≈≈≈≈≈≈≈≈≈≈≈≈≈≈≈≈##.##≈..
..≈..^..≈≈≈≈≈≈≈≈≈≈≈≈≈≈≈≈≈).^..≈..
..≈##)∩#≈≈≈≈≈)≈≈≈≈≈≈≈≈)≈≈#∩.##≈..
..≈≈#)#≈≈≈≈≈≈#######≈≈≈≈≈≈#.#≈≈..
..≈≈≈≈≈≈≈≈≈≈##≈≈≈≈##≈≈≈≈≈≈≈≈≈≈≈..
..≈≈≈≈≈≈≈≈≈##≈≈≈≈≈##≈)≈≈≈≈≈≈≈≈≈..
..≈≈≈≈≈≈≈≈##≈≈#'''##≈≈≈≈≈≈≈≈≈≈≈..
..≈≈≈≈≈≈≈≈#≈≈##∩O∩##≈≈##≈≈≈≈≈≈≈..
..≈≈≈≈≈≈≈##≈####@####)##≈≈≈≈≈≈≈..
..≈≈≈≈≈≈≈##≈')#ooo#)'≈##≈≈≈≈≈≈≈..
..≈≈)≈≈≈≈##≈###.o.###≈##≈≈≈≈≈≈≈..
..≈≈≈≈≈≈≈##≈')#).[#.'≈##≈≈≈≈≈≈≈..
..≈≈≈≈≈≈≈##≈#########≈##≈≈≈≈≈≈≈..
..≈≈≈≈≈≈≈≈#≈≈##)#)##≈≈#≈≈≈≈≈≈≈≈..
..≈≈≈≈≈≈≈≈##≈≈#'#'#≈≈##≈≈≈≈≈≈≈≈..
..≈≈≈≈≈≈≈≈≈##≈≈≈≈≈≈≈##≈≈≈≈≈≈≈≈≈..
..≈≈≈≈≈≈≈≈≈≈#########≈≈≈≈≈≈≈≈≈≈..


You could see an orc knight, 3 orc warriors and a friendly ogre (summoned,
berserk).

Vanquished Creatures
  A two-headed ogre (D:6)
  A troll (D:6)
  The ghost of jejorda2 the Slasher, an amateur MfBe of Trog (D:3)
  Eustachio (D:5)
  The ghost of karkarkar the Cudgeller, an amateur MiBe of Trog (D:3)
  An acid dragon (D:6)
  Duvessa (D:5)
  A water moccasin (D:5)
  8 orc warriors
  A sky beast (D:5)
  A necrophage (D:7)
  An ice beast (D:6)
  2 ogres (D:5)
  A centaur (D:6)
  A phantom (D:5)
  A bullfrog (D:6)
  A scorpion (D:6)
  Dowan (D:5)
  2 howler monkeys (D:5)
  A centaur zombie (D:5)
  2 hounds (D:6)
  An orc priest (D:7)
  3 bullfrog skeletons
  A gnoll shaman (D:3)
  Crazy Yiuf (D:6)
  4 iguanas
  Ijyb (D:5)
  2 centaur skeletons
  2 orc wizards (D:7)
  A hound skeleton (D:4)
  8 gnolls
  2 howler monkey skeletons (D:6)
  8 adders
  2 white imps
  An ufetubus (D:6)
  An adder zombie (D:5)
  An adder skeleton (D:5)
  3 dart slugs
  16 orcs
  11 endoplasms
  2 giant cockroaches
  11 goblins
  5 hobgoblins
  17 jackals
  10 kobolds
  6 quokkas
  8 ball pythons
  4 bats
  2 frilled lizards
  6 rats
171 creatures vanquished.

Vanquished Creatures (others)
  4 toadstools (D:4)
4 creatures vanquished.

Grand Total: 175 creatures vanquished

Notes
Turn   | Place    | Note
-------+----------+-------------------------------------------
     0 | D:1      | jejorda2 the Merfolk Berserker began the quest for the Orb.
     0 | D:1      | Reached XP level 1. HP: 18/18 MP: 1/1
    10 | D:1      | Found a faded altar of an unknown god.
   264 | D:1      | Reached XP level 2. HP: 22/24 MP: 2/2
   633 | D:1      | Reached XP level 3. HP: 29/29 MP: 3/3
   678 | D:1      | Reached skill level 4 in Long Blades
   777 | D:1      | Reached ** piety under Trog
  1171 | D:2      | Reached XP level 4. HP: 37/37 MP: 4/4
  2068 | D:3      | Reached *** piety under Trog
  2069 | D:3      | Reached XP level 5. HP: 42/42 MP: 5/5
  2073 | D:3      | Reached skill level 5 in Long Blades
  2502 | D:3      | Found a runed translucent gate.
  2502 | D:3      | Found a runed translucent gate.
  2502 | D:3      | Found a runed translucent gate.
  2503 | D:3      | Noticed karkarkar's ghost (amateur MiBe)
  2504 | D:3      | Noticed jejorda2's ghost (amateur MfBe)
  2540 | D:3      | Identified a scroll of acquirement
  2540 | D:3      | Acquired the +0 pair of gloves of Vipoivur {Slay+2}
  2786 | D:3      | Reached XP level 6. HP: 49/49 MP: 6/6
  3181 | D:5      | Entered Level 5 of the Dungeon
  3207 | D:5      | Noticed Ijyb
  3214 | D:5      | Reached skill level 6 in Long Blades
  3222 | D:5      | Killed Ijyb
  3223 | D:5      | Reached skill level 5 in Fighting
  3225 | D:5      | Reached **** piety under Trog
  3226 | D:5      | Reached XP level 7. HP: 56/56 MP: 7/7
  3418 | D:5      | Reached skill level 7 in Long Blades
  3454 | D:5      | Noticed Eustachio
  3461 | D:5      | Killed Eustachio
  3534 | D:5      | Reached XP level 8. HP: 64/64 MP: 8/8
  3609 | D:5      | Noticed Dowan
  3613 | D:5      | Noticed Duvessa
  3622 | D:5      | Killed Dowan
  3623 | D:5      | Reached skill level 8 in Long Blades
  3628 | D:5      | Killed Duvessa
  3710 | D:5      | Found a sparkling altar of Nemelex Xobeh.
  3836 | D:5      | Reached skill level 1 in Short Blades
  4075 | D:5      | Found a burning altar of Makhleb.
  4212 | D:6      | Found a runed translucent door.
  4213 | D:6      | Noticed Crazy Yiuf
  4219 | D:6      | Killed Crazy Yiuf
  4309 | D:6      | Noticed a troll
  4310 | D:6      | Noticed a two-headed ogre
  4330 | D:6      | Killed a troll
  4331 | D:6      | Reached skill level 9 in Long Blades
  4331 | D:6      | Reached skill level 5 in Armour
  4331 | D:6      | Reached XP level 9. HP: 50/69 MP: 9/9
  4336 | D:6      | Killed a two-headed ogre
  4478 | D:6      | Found a staircase to the Ecumenical Temple.
  4614 | D:6      | Reached skill level 5 in Short Blades
  5135 | D:3      | Killed jejorda2's ghost
  5193 | D:3      | Killed karkarkar's ghost
  5194 | D:3      | Reached skill level 10 in Long Blades
  5321 | D:7      | Reached XP level 10. HP: 64/76 MP: 10/10
  5348 | D:7      | Reached ***** piety under Trog
  5388 | D:7      | Found a flagged portal.
  5397 | Bailey   | Entered a bailey
  5420 | Bailey   | Reached skill level 5 in Dodging
  5870 | Bailey   | Noticed an orc knight
  5875 | Bailey   | Mangled by an orc warrior

Illustrated notes

Levels and vault maps discovered:
D:1:      scummos_arrival_forest, layout_basic,
          hellmonk_ecumenical_altar_run_dry, minmay_misc_feat_columns
D:2:      layout_basic, minmay_quadrilaterals
D:3:      layout_rooms, serial_glass, glass_columns_a, glass_columns_c,
          glass_columns_a, glass_columns_a, glass_columns_a, glass_columns_c,
          gammafunk_ghost_cemetery, grunt_ministairs_5
D:4:      layout_rooms, minmay_gold_behind_fungi
D:5:      layout_basic, nemelex_diamond_rough_becter, lightli_temple_of_fire,
          uniq_duvessa, uniq_eustachio, uniq_ijyb
D:6:      layout_gridville, minmay_temple_entry_fiery, grunt_ministairs_2,
          minmay_chambers_of_fives, uniq_crazy_yiuf_cottage
D:7:      layout_cave_pools, grunt_temple_overflow_diamond, enter_bailey_8,
          serial_undead, serial_undead_f, serial_undead_e, serial_undead_b,
          serial_undead_e
Bailey:   bailey_polearm_2, bailey

Skill      XL: |  1  2  3  4  5  6  7  8  9 10 |
---------------+-------------------------------+-----
Long Blades    | 4 5 6 7 9 10 | 10.5
Armour         | 2 3 5 6 |  6.0
Fighting       | 4 5 6 |  6.0
Short Blades   | 3 5 6 |  6.8
Dodging        | 4 5 |  5.7

Action                   |  1- 3 |  4- 6 |  7- 9 | 10-12 || total
-------------------------+-------+-------+-------+-------++-------
Melee: Falchion          |    91 |   224 |    65 |       ||   380
       Short sword       |       |       |   115 |    99 ||   214
       Tailslap          |       |       |       |     4 ||     4
Throw: Dart              |       |       |       |     2 ||     2
Invok: Berserk           |     1 |     6 |     7 |     2 ||    16
       Trog's Hand       |       |     1 |     1 |     2 ||     4
       Brothers in Arms  |       |       |       |     1 ||     1
  Use: Scroll            |       |     2 |     1 |     2 ||     5
Armor: Animal skin       |    22 |       |       |       ||    22
       Ring mail         |     5 |    89 |    89 |    14 ||   197
       Crystal plate arm |       |       |       |    10 ||    10
Dodge: Dodged            |    67 |   161 |    77 |    60 ||   365
       Rpst.: Falchion   |    23 |    32 |     8 |       ||    63

Table legend: (Time is in decaauts)
 A = Elapsed time spent in this place.
 B = Non-inter-level travel time spent in this place.
 C = Inter-level travel time spent in this place.
 D = Time resting spent in this place.
 E = Time spent auto-exploring this place.
 F = Levels seen in this place.
 G = Mean time per level.
                   A        B        C        D        E       F      G
               +--------+--------+--------+--------+--------+-----+--------+
         Total |   5876 |   5571 |    305 |    382 |   3665 |   8 |  734.5 |
       Dungeon |   5497 |   5192 |    305 |    359 |   3517 |   7 |  785.3 |
        Bailey |    378 |    378 |      0 |     22 |    148 |   1 |  378.0 |
               +--------+--------+--------+--------+--------+-----+--------+

Top non-repeatable levels by time:
     D:3: 1196 daAuts
     D:5: 1039 daAuts
     D:6: 984 daAuts
     D:1: 938 daAuts
     D:2: 809 daAuts
     D:4: 442 daAuts
  Bailey: 378 daAuts
     D:7: 87 daAuts
